 Dungeon Crawl Stone Soup version 0.20.0-6-gd3061e9 (webtiles) character file.

94 dvd the Slasher (level 4, -4/40 HPs)
             Began as a Minotaur Monk on May 28, 2017.
             Was a Follower of Ru.
             Slain by a centaur (7 damage)
             ... on level 3 of the Dungeon.
             The game lasted 00:04:59 (1741 turns).

dvd the Slasher (Minotaur Monk)                     Turns: 1741, Time: 00:05:00

Health: -4/40      AC:  6    Str: 16    XL:     4   Next: 38%
Magic:  3/3        EV: 11    Int:  7    God:    Ru [*.....]
Gold:   80         SH:  0    Dex: 13    Spells: 3/3 levels left

rFire    . . .     SeeInvis .   e - +1 mace (protect)
rCold    . . .     Gourm    .   (no shield)
rNeg     . . .     Faith    .   r - +0 scale mail
rPois    .         Spirit   .   (helmet restricted)
rElec    .         Reflect  .   (no cloak)
rCorr    .         Harm     .   (no gloves)
MR       .....                  (no boots)
Stlth    +.........             (no amulet)
Regen    0.2/turn               (no ring)
MPRegen  0.1/turn               (no ring)

@: hasted, very quick
A: retaliatory headbutt, horns 2, hated by all
a: Renounce Religion


You were on level 3 of the Dungeon.
You worshipped Ru.
Ru was aware of your devotion.
You were not hungry.

You visited 1 branch of the dungeon, and saw 3 of its levels.

You collected 80 gold pieces.

Inventory:

Hand Weapons
 a - a +0 falchion
 e - a +1 mace of protection (weapon)
 m - a +0 hand axe
 t - a +0 morningstar
Missiles
 o - 3 tomahawks (quivered)
Armour
 b - a +0 robe
 r - a +0 scale mail (worn)
Wands
 q - a wand of digging (13/24)
Scrolls
 g - 2 scrolls of identify {unknown}
 h - a scroll of teleportation {unknown}
 k - a scroll of magic mapping {unknown}
 l - a scroll of blinking {unknown}
 u - a scroll of fog {unknown}
Potions
 f - a potion of resistance {unknown}
 i - a potion of magic {unknown}
 j - a potion of haste
 p - a potion of curing {unknown}
Comestibles
 c - 5 bread rations
 d - 4 fruits
 n - a royal jelly


   Skills:
 + Level 4.1 Fighting
 + Level 4.3 Long Blades
 + Level 2.3 Maces & Flails
 + Level 0.2 Armour
 + Level 4.1 Dodging
 + Level 1.9 Stealth


You had 3 spell levels left.
You didn't know any spells.

Dungeon Overview and Level Annotations

Branches:
Dungeon (3/15)

Altars:
Ashenzari
Cheibriados
Gozag
Nemelex Xobeh
Ru


Innate Abilities, Weirdness & Mutations

You reflexively headbutt those who attack you in melee.
You have a pair of horns on your head.
You are hated by all.


Message History

You see here an arrow.
The centaur shoots an arrow.
The arrow hits you but does no damage.
You see here an arrow.
The centaur shoots an arrow.
The arrow hits you.
The centaur shoots an arrow.
The arrow hits you.
You see here 2 arrows.
The centaur shoots an arrow.
The arrow hits you!
The centaur unwields an uncursed shortbow.
The centaur hits you.
* * * LOW HITPOINT WARNING * * *
The centaur misses you. You furiously retaliate!
You headbutt the centaur!
Unknown command.
You closely miss the centaur.
The centaur is moderately wounded.
The centaur hits you!
* * * LOW HITPOINT WARNING * * *
The centaur is stunned by your will and fails to attack.
Unknown command.
It was a potion of haste.
You feel yourself speed up. The centaur hits you!
You die...

##### ######## #...#
#......# #...# ##
#......# #...# #.
####......# #...# #.
###.........#####...###.
............(..........>
#...c@..((###########.
#...###+### #......##.
#.. #......### ##
#......... #.......#.
#.......#. #.........
####....## #....##


You could see a centaur.

Vanquished Creatures
  Terence (D:2)
  3 adders (D:2)
  A dart slug (D:2)
  A leopard gecko (D:1)
  2 giant cockroaches (D:1)
  5 hobgoblins
  3 jackals (D:2)
  6 kobolds
  4 bats
  3 frilled lizards
  7 goblins
  4 rats
40 creatures vanquished.

Notes
Turn   | Place    | Note
-------+----------+-------------------------------------------
     0 | D:1      | dvd the Minotaur Monk began the quest for the Orb.
     0 | D:1      | Reached XP level 1. HP: 19/19 MP: 0/0
   240 | D:1      | Reached XP level 2. HP: 22/27 MP: 1/1
   287 | D:1      | Found a sparkling altar of Nemelex Xobeh.
   960 | D:2      | Reached XP level 3. HP: 17/33 MP: 2/2
   960 | D:2      | Reached skill level 1 in Maces & Flails
   970 | D:2      | Noticed Terence
   985 | D:2      | Killed Terence
  1262 | D:2      | Found a sacrificial altar of Ru.
  1270 | D:2      | Became a worshipper of Ru the Awakened
  1275 | D:2      | Gained mutation: You are hated by all. [Ru sacrifice]
  1275 | D:2      | Reached * piety under Ru
  1313 | D:2      | Reached XP level 4. HP: 40/40 MP: 3/3
  1319 | D:2      | Found a shattered altar of Ashenzari.
  1438 | D:2      | Found a snail-covered altar of Cheibriados.
  1439 | D:2      | Found an opulent altar of Gozag.
  1734 | D:3      | Noticed a centaur
  1741 | D:3      | Slain by a centaur

Skill      XL: |  1  2  3  4 |
---------------+-------------+-----
Long Blades    | 4 |  4.3
Maces & Flails | 2 |  2.3
Dodging        | 4 |  4.1
Fighting       | 4 |  4.1
Armour         | |  0.2
Stealth        | |  1.9

Action                   |  1- 3 |  4- 6 || total
-------------------------+-------+-------++-------
Melee: Mace              |    67 |    22 ||    89
       Headbutt          |    17 |     1 ||    18
Invok: Sacrifice Love    |     1 |       ||     1
  Use: Potion            |       |     1 ||     1
 Stab: Sleeping          |     2 |       ||     2
  Eat: Chunk             |     1 |     2 ||     3
Armor: Robe              |    12 |       ||    12
       Scale mail        |    12 |    10 ||    22
Dodge: Dodged            |    68 |    12 ||    80
